Map: Orbital Shipyard

Players

llllllllllll (Oliveira) - Winner!

  • Race: Terran Terran
  • League: Grandmaster

State

  • Race: Protoss Protoss
  • League: Grandmaster

VOD

Have the link to the VOD?

Description

Time

  • Played on: Dec. 28, 2015, 1:20 a.m.
  • Length: 10:51
Show
View Real Time Build Order
Export as new Build Order

llllllllllll Terran - Winner!

Build Orders: Liberator Opening, MMM Bio 

Get SALT Encoding   

  12  0:00  SCV  
  13  0:13  SCV  
  14  0:18  Supply Depot  
  14  0:25  SCV  
  15  0:39  SCV  
  15  0:41  Barracks  
  16  0:51  SCV  
  17  1:03  SCV  
  18  1:14  Command Center  
  18  1:17  SCV  
  19  1:27  Marine  
  19  1:30  Orbital Command  
  20  1:38  Supply Depot  
  20  1:45  Marine  
  21  1:53  Refinery x2  
  21  1:56  SCV  
  22  2:03  Marine  
  22  2:08  SCV  
  24  2:11  Bunker  
  24  2:20  SCV  
  24  2:21  Marine  
  26  2:27  Orbital Command  
  26  2:33  SCV  
  27  2:37  Factory  
  28  2:47  Barracks Reactor, SCV  
  28  2:53  SCV  
  29  2:59  SCV  
  29  3:05  SCV  
  31  3:12  SCV  
  32  3:17  SCV  
  33  3:23  Supply Depot  
  33  3:24  SCV, Marine  
  33  3:26  Supply Depot  
  36  3:29  SCV, Marine  
  36  3:33  Supply Depot  
  36  3:34  Widow Mine  
  36  3:36  SCV, Starport  
  39  3:46  Supply Depot  
  39  3:47  Supply Depot  
  38  3:54  SCV  
  38  3:56  SCV, Liberator  
  38  3:57  Marine  
  37  4:03  Factory Tech Lab  
  37  4:06  SCV  
  37  4:08  SCV  
  38  4:15  Marine  
  42  4:18  SCV  
  42  4:20  SCV, Barracks  
  42  4:22  Barracks  
  44  4:27  Cyclone  
  44  4:31  SCV  
  48  4:32  SCV, Engineering Bay  
  48  4:33  Refinery  
  48  4:34  Barracks Reactor  
  49  4:43  SCV  
  49  4:44  SCV  
  49  4:50  Supply Depot  
  49  4:54  Supply Depot  
  49  4:55  SCV  
  49  4:57  SCV  
  51  5:07  SCV  
  51  5:09  SCV, Barracks Tech Lab x2  
  51  5:11  Siege Tank  
  51  5:13  Supply Depot  
  56  5:14  Marine x2  
  56  5:19  SCV  
  56  5:21  SCV  
  60  5:22  Terran Infantry Weapons Level 1, Medivac  
  60  5:25  Supply Depot  
  60  5:27  Refinery  
  62  5:31  SCV, Marine  
  62  5:33  SCV  
  62  5:35  Stimpack, Marine  
  66  5:43  SCV  
  66  5:45  SCV  
  65  5:53  Marine  
  65  5:54  Combat Shields  
  65  5:55  SCV, Marine  
  66  5:57  SCV  
  66  6:02  Barracks  
  67  6:04  Barracks  
  67  6:07  SCV  
  67  6:09  Supply Depot, SCV  
  67  6:10  Marine x2  
  72  6:11  Starport Reactor  
  72  6:17  Siege Tank, Marine  
  73  6:19  SCV  
  73  6:25  SCV  
  75  6:27  Supply Depot  
  75  6:28  Marauder  
  75  6:31  Marauder  
  78  6:39  Marine x2  
  80  6:44  Missile Turret  
  80  6:45  Command Center  
  80  6:47  SCV  
  74  6:55  Marine x2  
  74  6:56  Marauder  
  74  6:57  SCV  
  75  7:03  Siege Tank, Marine  
  75  7:04  SCV  
  77  7:10  SCV  
  77  7:14  Missile Turret  
  78  7:16  Barracks Reactor  
  78  7:17  Barracks Reactor  
  78  7:18  Barracks Tech Lab  
  78  7:19  Marauder  
  79  7:24  Marauder, Marine x2  
  79  7:28  SCV  
  84  7:30  Missile Turret  
  84  7:33  Terran Infantry Armor Level 1  
  84  7:39  Medivac  
  84  7:43  Concussive Shells, Medivac  
  88  7:45  SCV  
  88  7:46  SCV  
  88  7:48  Factory Reactor  
  90  7:53  Supply Depot  
  90  7:55  Marine x4  
  94  7:59  Orbital Command  
  94  8:01  SCV  
  94  8:04  Marauder  
  97  8:08  Missile Turret  
  97  8:09  Marine  
  97  8:12  Liberator, Medivac  
  100  8:20  Marine x2  
  100  8:23  SCV  
  100  8:24  SCV  
  104  8:28  Supply Depot  
  104  8:30  Marine x2  
  104  8:32  Marauder  
  104  8:34  Marauder  
  113  8:37  Marauder  
  113  8:38  SCV  
  113  8:51  Widow Mine x2  
  113  8:52  Marine x3  
  118  8:58  Marauder  
  118  8:59  SCV, Marauder  
  123  9:15  Marauder, Medivac x2  
  123  9:16  Marine  
  130  9:19  Supply Depot  
  130  9:20  SCV, Supply Depot  
  130  9:22  Supply Depot  
  130  9:29  Marine  
  130  9:30  Marauder  
  133  9:34  Liberator x2  
  133  9:36  Marine  
  125  9:47  Marine, Marauder x2  
  125  9:50  Widow Mine x2  
  118  10:00  Marauder, Marine  
  106  10:14  Marauder x2, Marine x3  
  106  10:17  SCV x2  
  106  10:20  Armory, Engineering Bay  
  114  10:27  Marauder  
  118  10:32  Marine  
  121  10:37  SCV  
Show
View Real Time Build Order
Export as new Build Order

State Protoss 

Build Orders: 1 Gate Expand 

Get SALT Encoding   

  12  0:01  Probe (Chrono Boost)  
  13  0:12  Probe (Chrono Boost)  
  14  0:18  Pylon  
  14  0:22  Probe (Chrono Boost)  
  15  0:36  Probe (Chrono Boost), Gateway  
  15  0:41  Assimilator  
  16  0:46  Probe (Chrono Boost)  
  18  0:57  Probe (Chrono Boost)  
  18  1:07  Probe (Chrono Boost)  
  19  1:17  Nexus  
  19  1:27  Cybernetics Core  
  19  1:31  Probe (Chrono Boost)  
  20  1:38  Assimilator  
  20  1:41  Probe (Chrono Boost)  
  21  1:52  Probe (Chrono Boost)  
  22  1:55  Pylon  
  22  2:13  Mothership Core (Chrono Boost), Adept  
  26  2:21  Warp Gate  
  26  2:29  Probe (Chrono Boost)  
  27  2:31  Probe (Chrono Boost)  
  28  2:40  Probe (Chrono Boost), Adept  
  28  2:42  Probe (Chrono Boost)  
  32  2:50  Probe (Chrono Boost)  
  33  2:53  Probe (Chrono Boost)  
  33  2:55  Robotics Facility  
  34  3:01  Probe (Chrono Boost)  
  34  3:03  Probe (Chrono Boost)  
  36  3:07  Adept, Pylon  
  36  3:08  Pylon  
  36  3:11  Pylon  
  38  3:14  Probe (Chrono Boost)  
  38  3:17  Probe (Chrono Boost)  
  40  3:24  Probe (Chrono Boost)  
  41  3:28  Probe (Chrono Boost)  
  42  3:35  Probe (Chrono Boost)  
  42  3:38  Probe (Chrono Boost)  
  42  3:40  Twilight Council  
  44  3:46  Probe (Chrono Boost)  
  45  3:49  Probe (Chrono Boost)  
  46  3:56  Probe (Chrono Boost)  
  46  3:59  Probe (Chrono Boost)  
  46  4:07  Probe (Chrono Boost)  
  45  4:12  Probe (Chrono Boost)  
  45  4:13  Resonating Glaives, Warp Prism (Chrono Boost), Assimilator x2  
  45  4:14  Gateway x2  
  48  4:17  Probe (Chrono Boost)  
  48  4:22  Probe (Chrono Boost)  
  48  4:28  Probe (Chrono Boost), Gateway  
  48  4:30  Gateway  
  49  4:46  Probe x2  
  49  4:51  Warp Prism (Chrono Boost)  
  53  4:53  Nexus  
  53  4:55  Pylon  
  53  4:59  Probe  
  54  5:06  Pylon  
  54  5:07  Pylon  
  54  5:14  Pylon  
  54  5:18  Pylon  
  54  5:24  Probe x2  
  54  5:25  Adept x4  
  65  5:35  Observer (Chrono Boost)  
  65  5:36  Probe x2  
  67  5:48  Probe x2  
  61  5:50  Stalker x3  
  61  5:53  Stalker  
  61  5:54  Observer (Chrono Boost)  
  66  6:00  Probe x2  
  66  6:03  Blink  
  66  6:05  Probe  
  63  6:20  Adept x2  
  63  6:21  Adept x2  
  63  6:23  Observer (Chrono Boost)  
  66  6:25  Adept  
  66  6:26  Probe, Adept  
  66  6:27  Probe  
  66  6:30  Probe, Dark Shrine  
  73  6:39  Probe x2  
  75  6:41  Probe  
  75  6:42  Observer (Chrono Boost)  
  77  6:51  Probe x2  
  77  6:52  Probe  
  74  7:03  Probe x2  
  74  7:04  Probe, Adept x5  
  78  7:12  Pylon  
  78  7:15  Probe  
  79  7:16  Assimilator  
  79  7:18  Probe  
  79  7:19  Probe  
  77  7:26  Forge  
  77  7:27  Stalker x3, Forge  
  77  7:28  Stalker x2, Probe  
  77  7:29  Probe, Pylon  
  88  7:31  Probe  
  90  7:41  Probe  
  90  7:43  Probe  
  93  7:51  Charge  
  93  7:56  Immortal (Chrono Boost)  
  93  7:57  Probe x2  
  93  7:58  Assimilator  
  98  8:01  Dark Templar x2, Protoss Ground Weapons Level 1 (Chrono Boost), Protoss Ground Armor Level 1 (Chrono Boost)  
  98  8:04  Dark Templar  
  104  8:08  Dark Templar  
  106  8:14  Pylon x2  
  106  8:17  Sentry  
  108  8:23  Gateway  
  108  8:24  Gateway  
  108  8:36  Immortal  
  108  8:51  Stalker x5  
  108  9:14  Nexus  
  108  9:15  Immortal  
  108  9:16  Pylon  
  112  9:17  Pylon  
  112  9:18  Gateway  
  112  9:19  Gateway, Zealot  
  112  9:20  Zealot x3  
  112  9:21  Gateway  
  117  9:29  Zealot x2  
  117  9:30  Zealot  
  117  9:47  Zealot x4  
  119  9:54  Immortal  
  95  10:00  Zealot x3  
  83  10:09  Stalker, Dark Templar x2  
  71  10:28  Stalker x3  
  77  10:38  Zealot  
Tags
 
Add a new tag
Caveats
  • Supply blocks, unpowered buildings, or Contaminate may cause inaccurate times.
  • Supply counts are checked every 10 seconds.